 Dungeon Crawl Stone Soup version 0.31-a0-659-gc5a091b79a (webtiles) character file.

Game seed: 14056499366335372708

59 eneti the Trooper (level 3, -3/33 HPs)
             Began as a Minotaur Fighter on Aug 31, 2023.
             Slain by a gnoll
             ... wielding a +0 halberd
              (4 damage)
             ... on level 2 of the Dungeon.
             The game lasted 00:02:22 (1410 turns).

eneti the Trooper (Minotaur Fighter)                Turns: 1410, Time: 00:02:26

Health: -3/33      AC:  9    Str: 22    XL:     3   Next: 78%
Magic:  2/2        EV:  9    Int:  5    God:
Gold:   77         SH:  8    Dex:  9    Spells: 2/2 levels left

rFire   . . .        a - +0 war axe
rCold   . . .        e - +0 kite shield
rNeg    . . .        b - +0 scale mail
rPois   .            (helmet restricted)
rElec   .            k - +0 cloak
rCorr   .            f - +0 pair of gloves
SInv    .            (no boots)
Will    .....        (no amulet) Stlth
                     (no ring)
HPRegen 0.25/turn    (no ring)
MPRegen 0.08/turn

%: no passive effects
@: no status effects
A: horns 2, retaliatory headbutt
a: no special abilities


You were on level 2 of the Dungeon.
You visited 1 branch of the dungeon, and saw 2 of its levels.

You collected 77 gold pieces.

Inventory:

Hand Weapons
 a - a +0 war axe (weapon)
Missiles
 c - a throwing net
Armour
 b - a +0 scale mail (worn)
 e - a +0 kite shield (worn)
 f - a +0 pair of gloves (worn)
 k - a +0 cloak (worn)
Scrolls
 g - a scroll of butterflies {unknown}
 h - a scroll of amnesia {unknown}
 i - 3 scrolls of identify {unknown}
 j - a scroll of immolation {unknown}
 l - a scroll of enchant weapon {unknown}
Potions
 d - a potion of might


   Skills:
 + Level 4.1 Fighting
 + Level 3.1 Axes
 + Level 4.1 Armour
 + Level 1.4 Dodging
 + Level 4.1 Shields


You had 2 spell levels left.
You didn't know any spells.
Your spell library was empty.

Dungeon Overview and Level Annotations

Branches:
Dungeon (2/15)

Altars:


Innate Abilities, Weirdness & Mutations

You have a pair of horns on your head.
You reflexively headbutt those who attack you in melee.


Message History

You kill the quokka!
No target in view!
i - 3 scrolls labelled JESUAS GIANOBIQ (gained 1)
l - a scroll labelled ACAXZY TAKUACS
There is an open door here.
You see here a +0 mace.
There is an open door here.
A quokka comes into view.
You closely miss the quokka. The quokka completely misses you.
You furiously retaliate!
You headbutt the quokka. You block the quokka's attack.
You barely miss the quokka. Your headbutt misses the quokka.
The quokka is almost dead.
The quokka barely misses you. You block the quokka's attack.
You barely miss the quokka.
The quokka is almost dead.
The quokka bites you but does no damage. x2
You slash the quokka!
You kill the quokka!
No target in view!
No target in view! 3 gnolls come into view.
The gnoll shouts! x3
There are monsters nearby!
You aren't carrying any items that you can evoke.
Okay, then.
A gnoll is nearby!
The gnoll hits you from afar with a +0 halberd!
You block the gnoll's attack.
You barely miss the gnoll. You hit the gnoll.
The gnoll hits you with a +0 halberd.
The gnoll hits you from afar with a +0 halberd.
The gnoll closely misses you.
You closely miss the gnoll.
The gnoll is moderately wounded.
You hit the gnoll but do no damage. You block the gnoll's attack. x2
The gnoll hits you with a +0 flail. The gnoll hits you with a +0 halberd!
* * * LOW HITPOINT WARNING * * *
The gnoll hits you from afar with a +0 halberd.
You die...

#.# #...# #.#
#...# #.# #.g.# #
#.# #g..# # #.#
#####.### # #.#
#.g..g.# ## #.#
#.###..# ####. #.#
#.# #..###....
#@###.###......###
#ggg......######..
###.....### #.#
#..###.# #.# #.##
#.# #.# #.####.#
#.# #.#....## ##.#
#.#.#...## ##...
#.#.##...####....


You could see 3 gnolls.

Vanquished Creatures
  An adder (D:2)
  3 dart slugs
  5 ball pythons
  3 endoplasms
  2 goblins (D:1)
  4 hobgoblins (D:1)
  4 jackals (D:1)
  4 quokkas (D:2)
  5 bats
  A frilled lizard (D:1)
  5 kobolds
  3 rats
40 creatures vanquished.

Notes
Turn   | Place    | Note
-------+----------+-------------------------------------------
     0 | D:1      | eneti the Minotaur Fighter began the quest for the Orb.
     0 | D:1      | Reached XP level 1. HP: 19/19 MP: 0/0
   109 | D:1      | Reached XP level 2. HP: 27/27 MP: 1/1
   338 | D:1      | Reached skill level 1 in Dodging
   503 | D:1      | Reached XP level 3. HP: 30/33 MP: 2/2
  1410 | D:2      | HP: 1/33 [gnoll/+0 halberd (14)]
  1410 | D:2      | Slain by a gnoll

Illustrated notes

Levels and vault maps discovered:
D:1:      lightli_arrival_quake, layout_basic, minmay_statues_item
D:2:      minmay_skewed_foursquare, layout_loops_corners,
          serial_co_window_serial, co_window_paths_a, co_window_corner_a,
          co_window_paths_b, co_window_paths_a, co_window_corner_a,
          co_window_of_opportunity_b, co_window_cross_3,
          co_window_of_opportunity_b, co_window_broadway_a,
          co_window_broadway_a, glass_columns_a

Skill      XL: |  1  2  3 |
---------------+----------+-----
Dodging        | 1 |  1.4
Fighting       | 4 |  4.1
Armour         | 4 |  4.1
Shields        | 4 |  4.1
Axes           | 3 |  3.1

Action                     || total
---------------------------++-------
  Melee: War axe           ||    76
         Headbutt          ||     5
 Armour: Scale mail        ||    47
  Dodge: Dodged            ||    35
  Block: Kite shield       ||    44

Table legend: (Time is in decaauts)
 A = Elapsed time spent in this place.
 B = Non-inter-level travel time spent in this place.
 C = Inter-level travel time spent in this place.
 D = Time resting spent in this place.
 E = Time spent auto-exploring this place.
 F = Levels seen in this place.
 G = Mean time per level.
                   A        B        C        D        E       F      G
               +--------+--------+--------+--------+--------+-----+--------+
         Total |   1447 |   1397 |     50 |      0 |   1091 |   2 |  723.5 |
       Dungeon |   1447 |   1397 |     50 |      0 |   1091 |   2 |  723.5 |
               +--------+--------+--------+--------+--------+-----+--------+

Top non-repeatable levels by time:
     D:2: 745 daAuts
     D:1: 702 daAuts
